 Dungeon Crawl Stone Soup version 0.22.1-1-ga44c0e5 (webtiles) character file.

114 KyallowQueen the Bolt Thrower (level 5, -1/31 HPs)
             Began as a Kobold Hunter on Nov 1, 2018.
             Slain by an adder (3 damage)
             ... on level 5 of the Dungeon.
             The game lasted 00:15:01 (1285 turns).

KyallowQueen the Bolt Thrower (Kobold Hunter)       Turns: 1285, Time: 00:15:02

Health: -1/31      AC:  5    Str: 10    XL:     5   Next: 19%
Magic:  5/5        EV: 15    Int: 12    God:
Gold:   124        SH:  0    Dex: 16    Spells: 4/4 levels left

rFire    . . .     SeeInvis .   b - +0 short sword
rCold    . . .     Gourm    .   (shield restricted)
rNeg     . . .     Faith    .   c - +1 leather armour
rPois    .         Spirit   .   (no helmet)
rElec    .         Reflect  .   (no cloak)
rCorr    .         Harm     .   (no gloves)
MR       .....                  (no boots)
Stlth    ++........             (no amulet)
HPRegen  0.10/turn              o - +1 ring of protection
MPRegen  0.09/turn              (no ring)

@: lethally poisoned (-1 -> -14)
A: small, carnivore
a: no special abilities


You were on level 5 of the Dungeon.
You were very full.

You visited 1 branch of the dungeon, and saw 5 of its levels.

You collected 124 gold pieces.

Inventory:

Hand Weapons
 a - a +1 hand crossbow
 b - a +0 short sword (weapon)
 h - a +2 hand axe of distortion
Missiles
 d - 43 bolts
 g - 29 arrows
Armour
 c - a +1 leather armour (worn)
Jewellery
 o - a +1 ring of protection (left hand)
Scrolls
 j - a scroll of amnesia
Comestibles
 f - 4 rations


   Skills:
 + Level 2.6 Fighting
 + Level 2.7 Short Blades
 - Level 0.7 Axes
 + Level 5.4 Crossbows
 + Level 1.2 Armour
 + Level 3.1 Dodging
 + Level 2.0 Stealth


You had 4 spell levels left.
You didn't know any spells.
Your spell library was empty.

Dungeon Overview and Level Annotations

Branches:
Dungeon (5/15)
 Temple: D:4-7

Altars:

Shops:
D:4 *

Annotations:
D:3 Grinder
D:4 Sigmund


Innate Abilities, Weirdness & Mutations

You are small and have problems with some larger weapons.
You are carnivorous and can eat meat at any time.


Message History

You are more poisoned.
The worker ant poisons you!
You hit the worker ant.
The worker ant is lightly wounded.
* * * LOW HITPOINT WARNING * * *
You feel sick. The adder bites you but does no damage.
The worker ant bites you but does no damage.
You hit the worker ant.
The worker ant is moderately wounded.
* * * LOW HITPOINT WARNING * * *
You feel sick. The adder closely misses you.
The worker ant bites you but does no damage.
The phantom blinks!
You hit the worker ant but do no damage.
The worker ant is moderately wounded.
* * * LOW HITPOINT WARNING * * *
You feel sick. The adder completely misses you.
The worker ant barely misses you. The phantom closely misses you.
The adder bites you.
You die...

#W# #.# #.#
#<#
#.####.###
#........#
###.....ยง#
#....S.#
#....a@#
#..?.W.#
...######
#... #...
#.


You could see a phantom, a worker ant and an adder.

Vanquished Creatures
  A scorpion (D:4)
  A bullfrog skeleton (D:4)
  An adder (D:2)
  An ooze (D:3)
  An adder skeleton (D:4)
  A dart slug (D:1)
  A leopard gecko (D:3)
  2 giant cockroaches
  A goblin (D:3)
  A hobgoblin (D:2)
  2 jackals (D:3)
  A kobold (D:3)
  A quokka (D:2)
  A ball python (D:2)
  2 bats (D:3)
  2 frilled lizards
  5 rats
25 creatures vanquished.

Notes
Turn   | Place    | Note
-------+----------+-------------------------------------------
     0 | D:1      | KyallowQueen the Kobold Hunter began the quest for the Orb.
     0 | D:1      | Reached XP level 1. HP: 12/12 MP: 1/1
     0 | D:1      | Noticed an iron dragon
     0 | D:1      | Noticed an ice dragon
     2 | D:1      | Noticed an orb of fire
     4 | D:1      | Noticed a large abomination
     6 | D:1      | Noticed an orb of fire
     8 | D:1      | Noticed a large abomination
     9 | D:1      | Noticed a tentacled monstrosity
    10 | D:1      | Noticed a tentacled monstrosity
    12 | D:1      | Noticed an ice dragon
    30 | D:1      | Noticed a shadow dragon
    30 | D:1      | Noticed a red draconian
    32 | D:1      | Noticed an orb of fire
    32 | D:1      | Noticed a shadow dragon
    34 | D:1      | Noticed an orb of fire
    34 | D:1      | Noticed a large abomination
    36 | D:1      | Noticed a shadow dragon
    36 | D:1      | Noticed a large abomination
    58 | D:1      | Reached skill level 5 in Crossbows
   346 | D:2      | Reached XP level 2. HP: 17/17 MP: 2/2
   368 | D:2      | Reached skill level 1 in Short Blades
   739 | D:2      | Reached XP level 3. HP: 21/21 MP: 3/3
   906 | D:3      | Noticed Grinder
   932 | D:3      | Paralysed by Grinder for 5 turns
  1157 | D:4      | Noticed a scorpion
  1176 | D:4      | Killed a scorpion
  1176 | D:4      | Reached XP level 4. HP: 21/27 MP: 4/4
  1184 | D:4      | Reached skill level 1 in Armour
  1192 | D:4      | Noticed an ogre
  1226 | D:4      | Reached XP level 5. HP: 13/31 MP: 5/5
  1256 | D:4      | Found Xod Valibrit's General Store.
  1258 | D:4      | Noticed Sigmund
  1273 | D:5      | Entered Level 5 of the Dungeon
  1273 | D:5      | Noticed a phantom
  1285 | D:5      | Slain by an adder

Skill      XL: |  1  2  3  4 |
---------------+-------------+-----
Crossbows      | 5 |  5.4
Short Blades   | 1 2 |  2.7
Dodging        | 3 |  3.1
Armour         | 1 |  1.2
Stealth        | 2 |  2.0
Fighting       | |  2.6
Axes           | |  0.7

Action                   |  1- 3 |  4- 6 || total
-------------------------+-------+-------++-------
Melee: Short sword       |   100 |    30 ||   130
 Fire: Hand crossbow     |     9 |     3 ||    12
  Use: Scroll            |     5 |     1 ||     6
       Potion            |     3 |       ||     3
 Stab: Sleeping          |     1 |     1 ||     2
  Eat: Chunk             |     8 |       ||     8
Armor: Leather armour    |    14 |    14 ||    28
Dodge: Dodged            |    82 |    21 ||   103
